 Dungeon Crawl Stone Soup version 0.27-a0-808-g60bc5d92e6 (webtiles) character file.

Game seed: 10418310738171048559

29 sleeves the Slasher (level 3, 27/29 HPs)
             Began as a Demonspawn Fighter on Mar 28, 2021.
             Quit the game on level 2 of the Dungeon.
             The game lasted 00:01:04 (1568 turns).

sleeves the Slasher (Demonspawn Fighter)            Turns: 1568, Time: 00:01:04

Health: 27/29      AC:  8    Str: 16    XL:     3   Next: 1%
Magic:  3/3        EV:  9    Int: 10    God:
Gold:   23         SH:  0    Dex: 12    Spells: 2/2 levels left

rFire    . . .     SeeInvis .   a - +0 long sword
rCold    . . .     Faith    .   (no shield)
rNeg     . . .     Spirit   .   b - +0 scale mail
rPois    .         Reflect  .   (no helmet)
rElec    .         Harm     .   (no cloak)
rCorr    .         Rampage  .   (no gloves)
Will     .....                  (no boots)
Stlth    ..........             (no amulet)
HPRegen  0.09/turn              (no ring)
MPRegen  0.08/turn              (no ring)

@: no status effects
A: yellow scales 1, demonic guardian 1
a: no special abilities


You were on level 2 of the Dungeon.
You visited 1 branch of the dungeon, and saw 2 of its levels.

You collected 23 gold pieces.

Inventory:

Hand Weapons
 a - a +0 long sword (weapon)
Armour
 b - a +0 scale mail (worn)
 c - a +0 kite shield
Scrolls
 e - a scroll of enchant weapon {unknown}
 h - a scroll of identify {unknown}
Potions
 d - a potion of might
 f - a potion of curing {unknown}
 g - a potion of mutation {unknown}


   Skills:
 - Level 3.0 Fighting
 + Level 3.2 Long Blades
 - Level 2.6 Armour
 - Level 2.6 Shields


You had 2 spell levels left.
You didn't know any spells.
Your spell library contained the following spells:

 Spells                   Type           Power      Damage    Failure   Level
 Confusing Touch          Hex            0%         N/A       99%         3
 Gell's Gravitas          Tloc           0%         N/A       99%         3
 Petrify                  Tmut/Erth      0%         N/A       100%        4
 Metabolic Englaciation   Hex/Ice        0%         N/A       100%        5
 Yara's Violent Unravell  Hex/Tmut       0%         3d3       100%        5


Dungeon Overview and Level Annotations

Branches:
Dungeon (2/15)

Altars:

Annotations:
D:2 Robin


Innate Abilities, Weirdness & Mutations

You are partially covered in yellow scales. (AC +2)
A weak demonic guardian rushes to your aid.


Message History

Welcome, sleeves the Demonspawn Fighter.
It is said that the Orb of Zot exists deep within this dungeon.
Press ? for a list of commands and other information.
Found a robe.
Found a staircase leading out of the dungeon.
You start removing your armour.
You continue taking off your +0 kite shield. x4
You finish taking off your +0 kite shield.
You open the door.
There is an open door here.
A quokka comes into view.
A quokka is nearby!
A quokka is nearby!
The quokka bites you but does no damage.
The quokka bites you.
You hit the quokka.
You kill the quokka!
No target in view!
No target in view!
HP restored.
You see here a quokka corpse.
You open the door.
Found a whip.
There is an open door here.
Found a hand axe.
A bat comes into view.
You closely miss the bat. The bat hits you. The bat barely misses you.
The bat hits you but does no damage.
You closely miss the bat. The bat hits you but does no damage. x2
You closely miss the bat. The bat barely misses you.
You hit the bat.
You kill the bat!
Your Long Blades skill increases to level 2!
No target in view!
Found 8 stones.
Found a whip.
There is an open door here.
You open the door.
There is an open door here. 2 jackals come into view.
The jackal barks! x2
Found a scroll labelled POITINTIMP.
You barely miss the jackal. The jackal barely misses you.
You hit the jackal.
The jackal is moderately wounded.
The jackal closely misses you.
An endoplasm comes into view.
The jackal closely misses you.
There are monsters nearby!
You slash the jackal!
You kill the jackal!
The jackal bites you but does no damage.
You hit the jackal.
The jackal is almost dead.
The jackal barely misses you. The jackal bites you.
You barely miss the jackal.
The jackal is almost dead.
The jackal bites you. The jackal barely misses you.
You hit the jackal.
You kill the jackal!
You hit the endoplasm.
The endoplasm is heavily wounded.
The endoplasm freezes you.
You are frozen.
* * * LOW HITPOINT WARNING * * *
The endoplasm freezes you.
You are frozen.
* * * LOW HITPOINT WARNING * * *
You are too injured to fight recklessly!
You are too injured to fight recklessly!
You are too injured to fight recklessly!
You are too injured to fight recklessly!
You are too injured to fight recklessly!
You are too injured to fight recklessly!
You are too injured to fight recklessly!
You are too injured to fight recklessly!
You are too injured to fight recklessly!
You hit the endoplasm.
You kill the endoplasm!
You see here a jackal corpse.
e - a scroll labelled POITINTIMP An endoplasm comes into view.
The endoplasm quivers.
An endoplasm is nearby!
The endoplasm barely misses you.
You hit the endoplasm.
The endoplasm is almost dead.
The endoplasm freezes you.
You are frozen.
The endoplasm hits you.
You hit the endoplasm.
You kill the endoplasm!
No target in view!
No target in view!
No target in view!
A ball python comes into view.
The ball python hisses angrily.
A ball python is nearby!
A ball python is nearby!
The ball python bites you but does no damage.
The ball python grabs you. The ball python constricts you.
You closely miss the ball python.
The ball python bites you but does no damage.
The ball python constricts you. The ball python barely misses you.
The ball python constricts you.
You barely miss the ball python. The ball python bites you.
The ball python constricts you. The ball python bites you.
The ball python constricts you.
You hit the ball python.
The ball python is moderately wounded.
The ball python bites you but does no damage.
The ball python constricts you.
You barely miss the ball python.
The ball python is moderately wounded.
The ball python barely misses you. The ball python constricts you.
The ball python bites you but does no damage.
The ball python constricts you.
You completely miss the ball python.
The ball python is moderately wounded.
The ball python bites you but does no damage.
The ball python constricts you.
You barely miss the ball python.
The ball python is moderately wounded.
The ball python bites you. The ball python constricts you.
The ball python bites you. The ball python constricts you.
You are too injured to fight recklessly!
A ball python is nearby!
A ball python is nearby!
A ball python is nearby!
You are too injured to fight recklessly!
You are too injured to fight recklessly!
You are too injured to fight recklessly!
You are too injured to fight recklessly!
You are too injured to fight recklessly!
You are too injured to fight recklessly!
You are too injured to fight recklessly!
You are too injured to fight recklessly!
You are too injured to fight recklessly!
You are too injured to fight recklessly!
You hit the ball python but do no damage.
The ball python is moderately wounded.
The ball python bites you but does no damage.
The ball python constricts you.
You hit the ball python.
The ball python is severely wounded.
The ball python bites you.
* * * LOW HITPOINT WARNING * * *
The ball python constricts you. The ball python bites you.
* * * LOW HITPOINT WARNING * * *
The ball python constricts you.
You closely miss the ball python.
The ball python is severely wounded.
The ball python barely misses you. The ball python constricts you.
You hit the ball python.
You kill the ball python!
You have reached level 2!
Your demonic ancestry asserts itself...
Yellow scales grow over part of your body.
Key pressed, stopping explore.
You see here a ball python corpse.
f - an amethyst potion You open the door.
There is an open door here.
You open the door.
There is an open door here.
g - a fuming red potion
Found a stone staircase leading down.
A bat comes into view.
A bat is nearby!
The bat closely misses you.
You slash the bat!
You kill the bat!
No target in view!
No target in view!
No target in view!
No target in view!
There is a stone staircase leading down here.
A kobold comes into view. It is wielding a +0 dagger.
The kobold throws a stone.
The stone hits you but does no damage.
A kobold is nearby!
A kobold is nearby!
The kobold throws a stone.
The stone barely misses you.
You hit the kobold but do no damage. The kobold hits you but does no damage.
You slash the kobold!
You kill the kobold!
No target in view!
No target in view!
No target in view!
No target in view!
No target in view!
No target in view!
No target in view!
Things that are here:
a +0 dagger; 3 stones; a kobold corpse You open the door.
There is an open door here.
There is an open door here.
Found a ring mail.
You now have 15 gold pieces.
There is an open door here.
You open the door.
There is an open door here.
A hobgoblin comes into view.
The hobgoblin shouts!
You barely miss the hobgoblin.
The hobgoblin hits you but does no damage.
You slash the hobgoblin!
You kill the hobgoblin!
No target in view!
No target in view!
No target in view!
No target in view!
No target in view!
You see here a hobgoblin corpse.
You open the door.
There is an open door here.
You open the door.
Found 16 arrows.
There is an open door here.
You see here 16 arrows.
You pick up a book of Misfortune and begin reading...
You add the spells Confusing Touch, Gell's Gravitas, Petrify, Metabolic Englaciation and Yara's Violent Unravelling to your library.
No target in view!
No target in view!
No target in view!
No target in view!
No target in view!
No target in view!
No target in view!
No target in view!
A quokka comes into view.
A quokka is nearby!
A quokka is nearby!
The quokka bites you. x2
You barely miss the quokka.
The quokka bites you but does no damage.
You closely miss the quokka.
The quokka bites you but does no damage.
The quokka barely misses you.
You slash the quokka!
You kill the quokka!
No target in view!
No target in view!
You see here a quokka corpse.
An endoplasm comes into view.
The endoplasm quivers.
An endoplasm is nearby!
The endoplasm barely misses you.
You slash the endoplasm!
You kill the endoplasm!
No target in view!
No target in view!
No target in view!
No target in view!
No target in view!
A rat comes into view.
A rat is nearby!
A rat is nearby!
You hit the rat.
You kill the rat!
No target in view!
No target in view!
No target in view!
No target in view!
No target in view!
No target in view!
An endoplasm comes into view.
The endoplasm quivers.
Found a robe.
Found a stone staircase leading down.
An endoplasm is nearby!
An endoplasm is nearby!
The endoplasm hits you but does no damage.
You hit the endoplasm.
You kill the endoplasm!
No target in view!
No target in view!
No target in view!
No target in view!
No target in view!
No target in view!
A goblin comes into view. It is wielding a +0 dagger.
The goblin shouts!
A goblin is nearby!
A goblin is nearby!
The goblin closely misses you.
You riposte.
You slash the goblin!
You kill the goblin!
No target in view!
No target in view!
No target in view!
No target in view!
No target in view!
No target in view!
No target in view!
Things that are here:
a +0 dagger; a goblin corpse You now have 23 gold pieces (gained 8).
Found a stone staircase leading down.
There is a stone staircase leading down here.
Key pressed, stopping explore.
No target in view!
No target in view!
No target in view!
No target in view!
No target in view!
No target in view!
No target in view!
No target in view!
You see here a quokka skeleton.
Done exploring.
Done exploring.
Done exploring.
Done exploring.
(D) Dungeon
Where to? (? - help)
You see here 16 arrows.
There is an open door here.
There is a stone staircase leading down here.
You climb downwards. 2 ball pythons and 2 goblins come into view.
The goblin shouts! x2
There is a stone staircase leading up here.
There are monsters nearby!
There are monsters nearby!
The ball python barely misses you. The ball python grabs you.
The ball python constricts you.
Found a scroll labelled UMUWONT CYOCSE.
You closely miss the ball python. The ball python bites you.
The ball python constricts you.
You barely miss the ball python. The ball python completely misses you.
You riposte.
You barely miss the ball python. The ball python constricts you.
The goblin hits you but does no damage. The ball python barely misses you.
The ball python constricts you.
You hit the ball python.
You kill the ball python!
A frilled lizard comes into view.
The goblin hits you but does no damage. x2; The ball python closely misses you.
You riposte.
You hit the ball python.
You kill the ball python!
The goblin barely misses you. The goblin hits you but does no damage.
Your Long Blades skill increases to level 3!
You barely miss the goblin. The goblin hits you but does no damage.
The goblin barely misses you.
You hit the goblin.
You kill the goblin!
The goblin hits you but does no damage.
You closely miss the goblin.
The frilled lizard unfolds its giant frill.
The goblin hits you but does no damage.
You closely miss the goblin. The goblin barely misses you.
The goblin hits you with a +0 dagger.
You closely miss the goblin. The goblin barely misses you.
You hit the goblin.
The goblin is severely wounded.
The goblin closely misses you.
You slash the goblin!
You kill the goblin!
You barely miss the frilled lizard. The frilled lizard closely misses you.
The frilled lizard bites you.
You miss the frilled lizard. The frilled lizard bites you.
You closely miss the frilled lizard. The frilled lizard misses you.
You slash the frilled lizard!
You kill the frilled lizard!
HP restored.
There is a stone staircase leading up here.
Things that are here:
a +0 club; a goblin corpse A hobgoblin comes into view.
The hobgoblin shouts!
A hobgoblin is nearby!
A hobgoblin is nearby!
A rat comes into view.
Found a dagger.
You hit the hobgoblin.
The hobgoblin is almost dead.
The hobgoblin hits you but does no damage.
You barely miss the hobgoblin.
The hobgoblin is almost dead.
The hobgoblin hits you but does no damage. x2
You hit the hobgoblin.
You kill the hobgoblin!
You slash the rat!
You kill the rat!
No target in view!
h - a scroll labelled UMUWONT CYOCSE
Found a stone staircase leading down.
A frilled lizard comes into view.
The frilled lizard hisses angrily.
A frilled lizard is nearby!
Found a whip.
The frilled lizard bites you but does no damage.
You hit the frilled lizard.
You kill the frilled lizard!
No target in view!
Found 13 stones. 2 goblins and a hobgoblin come into view.
The goblin shouts!
The hobgoblin shouts!
You hear a shout!
A goblin comes into view. It is wielding a +0 club.
A goblin comes into view. It is wielding a +0 dagger.
There are monsters nearby! 2 goblins come into view.
The goblin shouts! x4; You hear a shout!
Robin of the Strong Arm comes into view.
They are wielding a +2 spear of venom and wearing a +1 helmet of see invisible.
A goblin comes into view. It is wielding a +0 dagger.
You hit the goblin.
You kill the goblin!
You hit the goblin.
The goblin is heavily wounded.
The goblin hits you but does no damage.
You hit the goblin but do no damage.
The goblin is heavily wounded.
The goblin hits you with a +0 dagger. The goblin hits you but does no damage.
The goblin completely misses you.
You barely miss the goblin. The goblin hits you but does no damage.
You barely miss the goblin. The goblin hits you but does no damage.
There is a stone staircase leading up here.
Things that are here:
a +0 club; a goblin corpse You closely miss the goblin.
The goblin hits you but does no damage.
You slash the goblin!
You kill the goblin!
The goblin hits you but does no damage.
You have reached level 3!
Your experience leads to an increase in your attributes!
Increase (S)trength, (I)ntelligence, or (D)exterity?
You feel clever.
Your demonic ancestry asserts itself...
You feel the presence of a demonic guardian.
Are you sure you want to abandon this character and quit the game? (Confirm with "yes".)

#..................
#..................
#...)..............
#####..................
...#...........†......
#.#........##g.####+#
#..........g..g# ##.#
#.##+#####.g##g#....##
###..#.#####..#)@g......
...g.........>##........
###g...#####.##.........
...g.........##.........
.ggg...#####.##.........
...gg#.# #............
.....#..# ##........
.....+..). #........
.....##.#.#


You could see 4 goblins.

Vanquished Creatures
  3 ball pythons
  4 endoplasms (D:1)
  5 goblins
  2 hobgoblins
  2 jackals (D:1)
  2 quokkas (D:1)
  2 bats (D:1)
  2 frilled lizards (D:2)
  A kobold (D:1)
  2 rats
25 creatures vanquished.

Notes
Turn   | Place    | Note
-------+----------+-------------------------------------------
     0 | D:1      | sleeves the Demonspawn Fighter began the quest for the Orb.
     0 | D:1      | Reached XP level 1. HP: 18/18 MP: 1/1
   132 | D:1      | Reached skill level 2 in Long Blades
   217 | D:1      | HP: 9/18 [endoplasm/Freeze (4)]
   498 | D:1      | HP: 8/18 [ball python (2)]
   501 | D:1      | Gained mutation: You are partially covered in yellow
                  | scales. (AC +2) [demonic ancestry]
   501 | D:1      | Reached XP level 2. HP: 7/24 MP: 2/2
  1407 | D:2      | Reached skill level 3 in Long Blades
  1536 | D:2      | Noticed Robin
  1568 | D:2      | Gained mutation: A weak demonic guardian rushes to your
                  | aid. [demonic ancestry]
  1568 | D:2      | Reached XP level 3. HP: 27/29 MP: 3/3
  1568 | D:2      | Quit the game

Illustrated notes

Levels and vault maps discovered:
D:1:      beargit_arrival_greenhouse, layout_loops_corners
D:2:      layout_basic, nicolae_overflow_hidden_temple, uniq_robin

Skill      XL: |  1  2 |
---------------+-------+-----
Long Blades    | 2 3 |  3.2
Fighting       | |  3.0
Armour         | |  2.6
Shields        | |  2.6

Action                   || total
-------------------------++-------
Melee: Long sword        ||    62
Armor: Scale mail        ||    34
Dodge: Dodged            ||    28
       Rpst.: Long sword ||     3

Table legend: (Time is in decaauts)
 A = Elapsed time spent in this place.
 B = Non-inter-level travel time spent in this place.
 C = Inter-level travel time spent in this place.
 D = Time resting spent in this place.
 E = Time spent auto-exploring this place.
 F = Levels seen in this place.
 G = Mean time per level.
                   A        B        C        D        E       F      G
               +--------+--------+--------+--------+--------+-----+--------+
         Total |   1584 |   1539 |     45 |      0 |   1380 |   2 |  792.0 |
       Dungeon |   1584 |   1539 |     45 |      0 |   1380 |   2 |  792.0 |
               +--------+--------+--------+--------+--------+-----+--------+

Top non-repeatable levels by time:
     D:1: 1412 daAuts
     D:2: 172 daAuts
